 Dungeon Crawl Stone Soup version 0.29-a0-270-g1586fc07ea (webtiles) character file.

Game seed: 1772374762515760821

14 Pinkishskies the Covered (level 2, 19/19 HPs)
             Began as a Gargoyle Fighter on Mar 7, 2022.
             Was a Follower of Elyvilon.
             Quit the game on level 1 of the Dungeon.
             The game lasted 00:07:00 (1006 turns).

Pinkishskies the Covered (Gargoyle Fighter)         Turns: 1006, Time: 00:07:01

Health: 19/19      AC:  9    Str: 19    XL:     2   Next: 45%
Magic:  2/2        EV:  9    Int:  8    God:    Elyvilon [*.....]
Gold:   40         SH:  4    Dex:  9    Spells: 1/1 levels left

rFire   . . .      SeeInvis .   a - +0 flail
rCold   . . .      Faith    .   c - +0 buckler
rNeg    + . .      Spirit   .   b - +0 scale mail
rPois   ∞          Reflect  .   (no helmet)
rElec   +          Harm     .   (no cloak)
rCorr   .          Rampage  .   (no gloves)
Will    .....                   (no boots)
Stlth   ..........              (no amulet)
HPRegen 0.06/turn               (no ring)
MPRegen 0.08/turn               (no ring)

@: no status effects
A: sickness immunity, AC +2, negative energy resistance 1, electricity
resistance, torment resistance 1, petrification resistance
a: Renounce Religion, Purification


You were on level 1 of the Dungeon.
You worshipped Elyvilon.
Elyvilon was aware of your devotion.
You visited 1 branch of the dungeon, and saw 1 of its levels.

You collected 40 gold pieces.

Inventory:

Hand Weapons
 a - a +0 flail (weapon)
Missiles
 j - 66 stones (quivered)
Armour
 b - a +0 scale mail (worn)
 c - a +0 buckler (worn)
Magical Staves
 k - a staff of fire
Jewellery
 g - a ring of magical power
Scrolls
 e - 2 scrolls of magic mapping {unknown}
 f - a scroll of summoning {unknown}
 h - 3 scrolls of fear {unknown}
 i - a scroll of vulnerability {unknown}
Potions
 d - a potion of might


   Skills:
 + Level 3.4 Fighting
 + Level 2.3 Maces & Flails
 + Level 3.5 Armour
 + Level 0.1 Dodging
 + Level 3.5 Shields


You had one spell level left.
You didn't know any spells.
Your spell library was empty.

Dungeon Overview and Level Annotations

Branches:
Dungeon (1/15)

Altars:
Elyvilon


Innate Abilities, Weirdness & Mutations

You are immune to sickness and miasma.
Your stone body is resilient. (AC +2)
You are immune to poison.
You resist negative energy. (rN+)
You are resistant to electric shocks. (rElec)
You are resistant to unholy torment.
You are immune to petrification.


Message History

You thump the endoplasm!
You kill the endoplasm!
No target in view!
You hit the withered plant but do no damage.
You thump the withered plant!
The withered plant begins to crumble.
The withered plant is lightly damaged.
You completely miss the withered plant.
The withered plant is lightly damaged.
No target in view!
No target in view!
No target in view!
The withered plant crumbles away.
There is a faded altar of an unknown god here.
There is a faded altar of an unknown god here.
You cannot tell which god this altar belongs to.
Convert to them anyway?
Uppercase [Y]es or [N]o only, please.
You cannot tell which god this altar belongs to.
Convert to them anyway?
Elyvilon accepts your prayer! Elyvilon welcomes you!
You can now purify yourself.
There is a white marble altar of Elyvilon here.
You offer a prayer to Elyvilon.
Okay, then.
HP restored.
j - 50 stones (gained 27)
You see here 2 poisoned darts.
Found a stone staircase leading down.
Found a knobbly runed staff.
You now have 40 gold pieces (gained 16).
j - 66 stones (gained 16)
You see here a staff of fire.
You see here a staff of fire.
k - a staff of fire You start waiting.
Done waiting.
You start waiting.
Done waiting.
Unknown command.
Unknown command.
Are you sure you want to abandon this character and quit the game? (Confirm with "yes".)

#........# ..## #..#####
#........# #..#
#........# #..#
#........#.# #<.#
.........#.### #####
#...>....+>..# ..
#........#.#.# .#
#..†.##......####.#
#.....####......@.##
...........#............
.†.♣...#.....########...
.......#.###.# .
.P♣_.♣...#...#
.P.♣...####### ..P....#
#.....## #(#.#.#


There were no monsters in sight!

Vanquished Creatures
  A bat (D:1)
  3 endoplasms (D:1)
  A giant cockroach (D:1)
  3 hobgoblins (D:1)
  A ball python (D:1)
  A frilled lizard (D:1)
  2 kobolds (D:1)
12 creatures vanquished.

Vanquished Creatures (others)
  2 withered plants (D:1)
2 creatures vanquished.

Grand Total: 14 creatures vanquished

Notes
Turn   | Place    | Note
-------+----------+-------------------------------------------
     0 | D:1      | Pinkishskies the Gargoyle Fighter began the quest for the
                  | Orb.
     0 | D:1      | Reached XP level 1. HP: 14/14 MP: 1/1
   393 | D:1      | Reached XP level 2. HP: 19/19 MP: 2/2
   632 | D:1      | Found a faded altar of an unknown god.
   686 | D:1      | Prayed at the altar of an unknown god.
   686 | D:1      | Became a worshipper of Elyvilon the Healer
   686 | D:1      | Reached * piety under Elyvilon
  1006 | D:1      | Quit the game

Illustrated notes

Levels and vault maps discovered:
D:1:      dpeg_arrival_short_road, layout_basic,
          ebering_ecumenical_altar_petrified, minmay_misc_feat_more_columns

Action                   || total
-------------------------++-------
Melee: Flail             ||    36
Armor: Scale mail        ||    14
Dodge: Dodged            ||    19
Block: Buckler           ||     6

Table legend: (Time is in decaauts)
 A = Elapsed time spent in this place.
 B = Non-inter-level travel time spent in this place.
 C = Inter-level travel time spent in this place.
 D = Time resting spent in this place.
 E = Time spent auto-exploring this place.
 F = Levels seen in this place.
 G = Mean time per level.
                   A        B        C        D        E       F      G
               +--------+--------+--------+--------+--------+-----+--------+
         Total |   1018 |   1016 |      2 |    555 |    233 |   1 | 1018.0 |
       Dungeon |   1018 |   1016 |      2 |    555 |    233 |   1 | 1018.0 |
               +--------+--------+--------+--------+--------+-----+--------+

Top non-repeatable levels by time:
     D:1: 1018 daAuts
